 Dungeon Crawl Stone Soup version 0.18.1-8-gdd0e5ea (webtiles) character file.

32 Liquid the Skirmisher (level 3, -3/30 HPs)
             Began as a Formicid Abyssal Knight on May 26, 2016.
             Was a Follower of Lugonu.
             Slain by a gnoll
             ... wielding a +3 spear
              (4 damage)
             ... on level 1 of the Dungeon.
             The game lasted 00:03:31 (909 turns).

Liquid the Skirmisher (Formicid Abyssal Knight)      Turns: 909, Time: 00:03:32

Health: -3/30      AC:  3    Str: 17    XL:     3   Next: 42%
Magic:  4/4        EV: 11    Int: 11    God:    Lugonu [*.....]
Gold:   30         SH:  0    Dex: 10    Spells: 0 memorised, 2 levels left

rFire  . . .     SeeInvis +     a - +1 mace
rCold  . . .     Gourm    .     b - +0 leather armour
rNeg   . . .     Faith    .     (no shield)
rPois  .         Spirit   .     (helmet unavailable)
rElec  .         Dismiss  .     (no cloak)
rCorr  .         Reflect  .     (no gloves)
SustAt .         Harm     .     (no boots)
MR     .....                    (no amulet)
Stlth  +.........               (no ring)
                                (no ring)

@: not resistant to hostile enchantments, very unstealthy
A: permanent stasis, dig shafts and tunnels, four strong arms, antennae 3
a: Dig, Shaft Self, Depart the Abyss, Renounce Religion


You were on level 1 of the Dungeon.
You worshipped Lugonu.
Lugonu was aware of your devotion.
You were very hungry.

You visited 1 branch of the dungeon, and saw 1 of its levels.
You visited the Abyss 1 time.

You collected 30 gold pieces.

Inventory:

Hand Weapons
 a - a +1 mace (weapon)
Armour
 b - a +0 leather armour (worn)
Scrolls
 e - 2 scrolls of remove curse {unknown}
Potions
 f - a potion of haste
Comestibles
 c - a bread ration
 d - 2 chunks of flesh


   Skills:
 + Level 3.9 Fighting
 * Level 2.3 Maces & Flails
 - Level 2.5 Armour
 - Level 1.1 Dodging
 + Level 2.4 Invocations


You had 2 spell levels left.
You didn't know any spells.

Dungeon Overview and Level Annotations

Branches:
Dungeon (1/15)

Altars:


Innate Abilities, Weirdness & Mutations

You are under a permanent stasis effect.
You can dig through walls and to a lower floor.
Your four strong arms can wield two-handed weapons with a shield.
You have a pair of large antennae on your head (SInv).


Message History

You extend your mandibles.
You dig through the rock wall.
You dig through the rock wall.
You dig through the rock wall.
The gnoll hits you from afar with an enchanted spear.
* * * LOW HITPOINT WARNING * * *
You dig through the rock wall.
You retract your mandibles.
You extend your mandibles.
You dig through the rock wall.
Unknown command.
You retract your mandibles.
You are feeling very hungry.
There is an open door here.
You open the door.
The gnoll hits you from afar with an enchanted spear.
* * * LOW HITPOINT WARNING * * *
There is an open door here.
The gnoll hits you from afar with an enchanted spear.
You die...

..# #.....###.###...#..##.....
..# #.........................
..# #....#..##..###.#.........
### #....#.####............... .#
#.........(...#.#.#.#..... .#
#..########...#.#'#.......
.#######...#######...#........w..
.#.....#...#.....#)..#.......#'##
.#..>..'...'....@(#..#.......#...
.#...(.##.##.....###.#.......#...
.###'####)####g#####...#+###.#.##
......##.).##.g...#.#..#.###.#.##
......##...##......##.>......#..#
####'####.####'###.#####.....#.#.
#.....##(##.....#...........#w.#
#.....'...+..<..#.............##
#.....#...#.....#.............##


You could see a gnoll and a goblin.

Vanquished Creatures
  A dart slug (D:1)
  3 giant cockroaches (D:1)
  A goblin (D:1)
  3 hobgoblins (D:1)
  4 jackals (D:1)
  7 kobolds (D:1)
  5 bats (D:1)
  A giant newt (D:1)
  2 rats (D:1)
27 creatures vanquished.

Notes
Turn   | Place    | Note
--------------------------------------------------------------
     0 | Abyss:1  | Liquid the Formicid Abyssal Knight began the quest for the Orb.
     0 | Abyss:1  | Reached XP level 1. HP: 18/18 MP: 2/2
    48 | Abyss:1  | Noticed an ancient zyme
    74 | Abyss:1  | Noticed an iron imp
    78 | Abyss:1  | Noticed a thrashing horror
    87 | D:1      | Escaped the Abyss
   359 | D:1      | Reached skill level 1 in Dodging
   359 | D:1      | Reached XP level 2. HP: 12/24 MP: 3/3
   361 | D:1      | Reached * piety under Lugonu
   525 | D:1      | Reached XP level 3. HP: 25/30 MP: 4/4
   905 | D:1      | HP: 1/30 [gnoll/enchanted spear (3)]
   909 | D:1      | Slain by a gnoll

Skill      XL: |  1 |
---------------+----+-----
Dodging        | 1 |  1.1
Fighting       | |  3.9
Maces & Flails | |  2.3
Armour         | |  2.5
Invocations    | |  2.4

Action                   || total
-------------------------++-------
Melee: Mace              ||    78
Invok: Depart the Abyss  ||     1
 Abil: Dig               ||     6
  Use: Potion            ||     1
Armor: Leather armour    ||    32
Dodge: Dodged            ||    55
